 Dungeon Crawl Stone Soup version 0.26-a0-651-gb41185065b (webtiles) character file.

Game seed: 14077268590379614729

4005 Flugslaktarn the Cleaver (level 10, -7/96 HPs)
             Began as a Deep Dwarf Fighter on Oct 6, 2020.
             Was a Follower of Makhleb.
             Mangled by a ten-headed hydra (8 damage)
             ... on level 8 of the Dungeon.
             The game lasted 00:02:41 (4075 turns).

Flugslaktarn the Cleaver (Deep Dwarf Fighter)       Turns: 4075, Time: 00:02:41

Health: -7/96      AC: 13    Str: 22    XL:     10   Next: 3%
Magic:  8/8        EV:  5    Int:  9    God:    Makhleb [*.....]
Gold:   465        SH: 12    Dex: 13    Spells: 9/9 levels left

rFire    . . .     SeeInvis .   u - +1 war axe (venom)
rCold    . . .     Faith    .   c - +1 kite shield
rNeg     . . .     Spirit   .   v - +0 plate armour
rPois    +         Reflect  .   (no helmet)
rElec    .         Harm     .   (no cloak)
rCorr    .         Rampage  .   (no gloves)
MR       +....                  (no boots)
Stlth    ..........             (no amulet)
HPRegen  0.00/turn              o - ring of poison resistance
MPRegen  0.11/turn              (no ring)

@: berserk cooldown, non-regenerating, slowed, very slow
A: damage resistance, heal wounds, sense surroundings 2, no regeneration
a: Heal Wounds, Renounce Religion


You were on level 8 of the Dungeon.
You worshipped Makhleb.
Makhleb was aware of your devotion.
You visited 2 branches of the dungeon, and saw 9 of its levels.

You collected 465 gold pieces.

Inventory:

Hand Weapons
 u - a +1 war axe of venom (weapon)
   (You took it off an orc on level 6 of the Dungeon)
Missiles
 j - a throwing net (quivered)
Armour
 c - a +1 kite shield (worn)
 v - a +0 plate armour (worn)
   (You found it on level 7 of the Dungeon)
Jewellery
 a - an uncursed amulet of regeneration {unknown}
   (You found it on level 8 of the Dungeon)
 o - a ring of poison resistance (left hand)
   (You found it on level 5 of the Dungeon)
Wands
 n - a wand of digging (4)
   (You took it off Ijyb on level 5 of the Dungeon)
Scrolls
 f - 2 scrolls of immolation
 i - 2 scrolls of amnesia
 t - 5 scrolls of teleportation
 x - 4 scrolls of remove curse
Potions
 d - 2 potions of might
 h - 2 potions of brilliance
 l - 2 potions of cancellation
 q - a potion of curing


   Skills:
 * Level 7.8 Fighting
 * Level 9.0 Axes
 + Level 7.0 Armour
 + Level 6.8 Shields
 + Level 4.0 Invocations
 + Level 3.8 Evocations


You had 9 spell levels left.
You didn't know any spells.
Your spell library was empty.

Dungeon Overview and Level Annotations

Branches:
Dungeon (8/15)             Temple (1/1) D:6
   Lair: D:8-11

Altars:
Ashenzari
Cheibriados
Dithmenos
Elyvilon
Fedhas
Hepliaklqana
Kikubaaqudgha
Makhleb
Nemelex Xobeh
Qazlal
Ru
Sif Muna
Uskayaw
Vehumet
Xom
Yredelemnul
Zin
The Shining One

Shops:
D:8 =


Innate Abilities, Weirdness & Mutations

You are resistant to damage.
You can heal yourself by infusing magical energy.
You passively map the area around you.
You do not regenerate.


Message History

You feel much better.
You block the ten-headed hydra's attack.
The ten-headed hydra bites you.
* * * LOW HITPOINT WARNING * * *
You block the ten-headed hydra's attack.
The ten-headed hydra bites you but does no damage.
You block the ten-headed hydra's attack.
The ten-headed hydra bites you.
* * * LOW HITPOINT WARNING * * *
You block the ten-headed hydra's attack.
The ten-headed hydra bites you.
* * * LOW HITPOINT WARNING * * *
The ten-headed hydra bites you!
* * * LOW HITPOINT WARNING * * *
The ten-headed hydra bites you. The ten-headed hydra barely misses you.
The ten-headed hydra bites you but does no damage.
The ten-headed hydra bites you!
* * * LOW HITPOINT WARNING * * *
The ten-headed hydra bites you. The ten-headed hydra bites you!
You die...

* ,, *, # * , .# , ###.# * *
#... .# , ############.###.# ,
.............@.#.######...#
,#######.####.#D#.....##...# #.#
#.#.#......#...# * #######.#
#.†z.......#...#
......#.######E.....#.#...#### *
* #....(...○.e.#..#.#.......
#######...####.#☼#.####.#.......
.................○..............
........######.#.☼...##..##.....


You could see a ten-headed hydra, a deep elf mage, a fire elemental (summoned)
and a wight.

Vanquished Creatures
  2 two-headed ogres (D:8)
  A hornet (D:8)
  A hippogriff (D:8)
  Edmund (D:6)
  An orc warrior (D:6)
  A black bear (D:6)
  An ice beast (D:5)
  2 sky beasts
  A phantom (D:4)
  3 centaurs (D:7)
  An ogre (D:5)
  A bullfrog (D:6)
  A scorpion (D:5)
  3 howler monkeys
  A centaur zombie (D:4)
  3 bullfrog skeletons
  3 jellies
  4 orc priests
  2 hounds
  6 orc wizards
  2 iguanas
  10 worker ants
  Ijyb (D:5)
  2 howler monkey zombies (D:4)
  A worker ant zombie (D:4)
  A howler monkey skeleton (D:4)
  6 adders
  2 shadow imps
  2 white imps
  4 ufetubi
  3 oozes
  4 adder zombies
  3 adder skeletons
  2 dart slugs (D:1)
  4 leopard geckos
  28 orcs
  5 bats
  3 giant cockroaches
  A goblin (D:1)
  2 hobgoblins (D:1)
  2 jackals (D:7)
  5 kobolds
  2 quokkas
  A ball python (D:7)
  A frilled lizard (D:4)
  A leopard gecko zombie (D:4)
  A quokka skeleton (D:6)
  3 quokka zombies (D:4)
  6 rats
147 creatures vanquished.

Vanquished Creatures (others)
  6 fungi (D:4)
  7 plants (D:6)
  2 toadstools (D:4)
  3 withered plants (D:4)
18 creatures vanquished.

Grand Total: 165 creatures vanquished

Notes
Turn   | Place    | Note
-------+----------+-------------------------------------------
     0 | D:1      | Flugslaktarn the Deep Dwarf Fighter began the quest for the
                  | Orb.
     0 | D:1      | Reached XP level 1. HP: 20/20 MP: 1/1
    77 | D:1      | Reached XP level 2. HP: 27/27 MP: 2/2
    87 | D:1      | Found a broken altar of Ashenzari.
   550 | D:2      | Reached XP level 3. HP: 22/34 MP: 3/3
   613 | D:3      | Found a faded altar of an unknown god.
   666 | D:4      | Reached skill level 3 in Axes
   666 | D:4      | Reached XP level 4. HP: 41/42 MP: 4/4
   703 | D:4      | Noticed a phantom
   748 | D:4      | Killed a phantom
   748 | D:4      | Reached skill level 4 in Axes
   748 | D:4      | Reached XP level 5. HP: 44/50 MP: 5/5
   896 | D:4      | Reached XP level 6. HP: 45/57 MP: 6/6
  1245 | D:5      | Entered Level 5 of the Dungeon
  1285 | D:5      | Reached skill level 5 in Axes
  1288 | D:5      | Reached XP level 7. HP: 50/66 MP: 7/7
  1440 | D:5      | Reached skill level 5 in Fighting
  1539 | D:5      | Reached skill level 5 in Armour
  1653 | D:5      | Reached skill level 5 in Shields
  1822 | D:5      | Noticed Ijyb
  1833 | D:5      | Killed Ijyb
  2003 | D:6      | Reached skill level 6 in Axes
  2104 | D:6      | Reached XP level 8. HP: 58/75 MP: 6/6
  2190 | D:6      | Found an ancient bone altar of Kikubaaqudgha.
  2246 | D:6      | Found an ancient bone altar of Kikubaaqudgha.
  2246 | D:6      | Found a blossoming altar of Fedhas.
  2281 | D:6      | Noticed Edmund
  2294 | D:6      | Killed Edmund
  2294 | D:6      | Reached skill level 7 in Axes
  2355 | D:6      | Found a staircase to the Ecumenical Temple.
  2449 | Temple   | Entered the Ecumenical Temple
  2547 | Temple   | Became a worshipper of Makhleb the Destroyer
  2857 | D:7      | Found a sparkling altar of Nemelex Xobeh.
  2989 | D:7      | Reached skill level 1 in Evocations
  2996 | D:7      | Reached skill level 1 in Invocations
  2997 | D:7      | Gained mutation: You passively map the area around you.
                  | [Deep Dwarf growth]
  2997 | D:7      | Reached XP level 9. HP: 55/85 MP: 6/6
  3170 | D:7      | Found a hide-covered altar of Uskayaw.
  3737 | D:8      | Found Juez's Jewellery Shop.
  3737 | D:8      | Noticed a two-headed ogre
  3752 | D:8      | Killed a two-headed ogre
  3752 | D:8      | Reached * piety under Makhleb
  3752 | D:8      | Reached skill level 8 in Axes
  3943 | D:8      | Found a shimmering blue altar of Sif Muna.
  3943 | D:8      | Found an ancient bone altar of Kikubaaqudgha.
  3944 | D:8      | Found a radiant altar of Vehumet.
  3966 | D:8      | Noticed a two-headed ogre
  3992 | D:8      | Killed a two-headed ogre
  3992 | D:8      | Reached skill level 9 in Axes
  3992 | D:8      | Reached XP level 10. HP: 70/96 MP: 7/9
  4028 | D:8      | Noticed a five-headed hydra
  4030 | D:8      | Noticed a deep elf mage
  4075 | D:8      | HP: 1/96 [ten-headed hydra (11)]
  4075 | D:8      | Mangled by a ten-headed hydra

Illustrated notes

Levels and vault maps discovered:
D:1:      dpeg_arrival_prison, layout_loops_corners,
          chequers_serial_rivers_micro_b, evilmike_ruin_ashenzari
D:2:      layout_loops_ring, gammafunk_temple_overflow_elements,
          minmay_box_of_dots
D:3:      layout_basic, chequers_ecumenical_altar_simple_redux,
          gup_sewer_entry_glass
D:4:      layout_basic, serial_undead, serial_undead_d, serial_undead_b,
          serial_undead_a, serial_undead_e, minmay_gold_behind_fungi
D:5:      layout_basic, minmay_misc_feat_pillars, lemuel_old_faithful, uniq_ijyb
D:6:      layout_basic, grunt_temple_overflow_growth_and_decay,
          minmay_temple_entry_overgrown, tgw_kikubaaqudgha, uniq_edmund
D:7:      layout_layer_cave, nemelex_xobeh_ov_fountains_minmay,
          lemuel_crystal_altar
D:8:      minmay_the_grid_octo_tiled_squarecenter [minmay_the_grid_octo_shrine,
          minmay_the_grid_octo_odd_swirl, minmay_the_grid_octo_empty,
          minmay_the_grid_octo_vomiting_pacman,
          minmay_the_grid_square_5x5_megaprize_diamond,
          minmay_the_grid_square_5x5_six_small,
          minmay_the_grid_square_5x5_two_walls_a,
          minmay_the_grid_square_5x5_pentomino_r,
          minmay_the_grid_square_5x5_three_small], layout_basic, serial_shops,
          shop
Temple:   regret_index_temple_sphere_string

Skill      XL: |  1  2  3  4  5  6  7  8  9 |
---------------+----------------------------+-----
Fighting       | 3 4 5 6 7 |  7.8
Axes           | 3 4 5 6 7 9 |  9.0
Armour         | 4 5 6 7 |  7.0
Shields        | 4 5 6 |  6.8
Evocations     | 1 3 |  3.8
Invocations    | 1 4 |  4.0

Action                   |  1- 3 |  4- 6 |  7- 9 | 10-12 || total
-------------------------+-------+-------+-------+-------++-------
Melee: War axe           |    64 |   128 |   299 |     8 ||   499
 Abil: Heal Wounds       |     1 |     4 |    15 |     4 ||    24
  Use: Scroll            |       |       |    12 |       ||    12
       Potion            |       |       |       |     1 ||     1
Armor: Scale mail        |    25 |    53 |    70 |       ||   148
       Ice dragon scales |       |       |    20 |       ||    20
       Plate armour      |       |       |    40 |    43 ||    83
Dodge: Dodged            |    12 |    34 |    63 |     8 ||   117
Block: Kite shield       |    45 |    71 |   168 |    36 ||   320

Table legend: (Time is in decaauts)
 A = Elapsed time spent in this place.
 B = Non-inter-level travel time spent in this place.
 C = Inter-level travel time spent in this place.
 D = Time resting spent in this place.
 E = Time spent auto-exploring this place.
 F = Levels seen in this place.
 G = Mean time per level.
                   A        B        C        D        E       F      G
               +--------+--------+--------+--------+--------+-----+--------+
         Total |   4217 |   3977 |    240 |      0 |   2912 |   9 |  468.6 |
       Dungeon |   4105 |   3885 |    220 |      0 |   2823 |   8 |  513.1 |
        Temple |    111 |     92 |     19 |      0 |     89 |   1 |  111.0 |
               +--------+--------+--------+--------+--------+-----+--------+

Top non-repeatable levels by time:
     D:7: 927 daAuts
     D:6: 783 daAuts
     D:5: 736 daAuts
     D:4: 639 daAuts
     D:1: 552 daAuts
     D:8: 340 daAuts
  Temple: 111 daAuts
     D:3: 66 daAuts
     D:2: 59 daAuts
